 Dungeon Crawl Stone Soup version 0.27-a0-1006-g1fd4cec11e (webtiles) character file.

Game seed: 12092856026107474549

40800 Dazliare the Harbinger of Death (level 13, 0/101 HPs)
             Began as a Mummy Venom Mage on Apr 17, 2021.
             Was a High Priest of Yredelemnul.
             Slain by a wind drake (4 damage)
             ... on level 6 of the Lair of Beasts.
             The game lasted 00:59:58 (27928 turns).

Dazliare the Harbinger of Death (Mummy Venom Mage) Turns: 27928, Time: 00:59:59

Health: 0/101      AC: 15    Str: 11    XL:     13   Next: 76%
Magic:  2/23       EV: 15    Int: 19    God:    Yredelemnul [*****.]
Gold:   869        SH:  0    Dex: 13    Spells: 13/26 levels left

rFire    . . .     SeeInvis .   b - +7 broad axe of the Thieving Firefly {vorpal, rPois}
rCold    + . .     Faith    +   (no shield)
rNeg     + + +     Spirit   .   l - +0 leather armour {rF+}
rPois    ∞         Reflect  .   a - +2 hat {Stlth+}
rElec    .         Harm     .   w - +2 cloak {Will+}
rCorr    .         Rampage  .   (no gloves)
Will     ++...                  s - +2 pair of boots
Stlth    +++.......             t - amulet of faith
HPRegen  0.26/turn              o - +4 ring of protection
MPRegen  0.18/turn              p - +4 ring of evasion

@: no status effects
A: cold resistance 1, negative energy resistance 3, torment resistance 2,
unbreathing 1, heat vulnerability 1, in touch with death 1, no potions
a: Renounce Religion, Recall Undead Slaves, Injury Mirror, Animate Dead, Drain
Life, Enslave Soul


You were on level 6 of the Lair of Beasts.
You worshipped Yredelemnul.
Yredelemnul was extremely pleased with you.
You visited 3 branches of the dungeon, and saw 21 of its levels.

You collected 1050 gold pieces.
You spent 181 gold pieces at shops.

Inventory:

Hand Weapons
 b - the +7 broad axe of the Thieving Firefly (weapon) {vorpal, rPois}
   (You acquired it on level 6 of the Dungeon)

   It inflicts extra damage upon your enemies.
   It protects you from poison.
 e - a +1 dagger of venom
Missiles
 f - 7 silver javelins (quivered)
 q - 3 javelins
 B - 7 atropa-tipped darts
 E - 9 curare-tipped darts {!f}
Armour
 a - a +2 hat of stealth (worn)
 i - a scarf of resistance
 l - a +0 leather armour of fire resistance (worn)
 s - a +2 pair of boots (worn)
 w - a +2 cloak of willpower (worn)
Jewellery
 m - a ring of see invisible
 o - a +4 ring of protection (left hand)
 p - a +4 ring of evasion (right hand)
 t - an amulet of faith (around neck)
 v - a ring of ice
 F - a ring of wizardry
Wands
 g - a wand of polymorph (27)
 j - a wand of iceblast (27)
 n - a wand of flame (32)
 r - a wand of digging (5)
 y - a wand of acid (17)
 z - a wand of mindburst (5)
Scrolls
 c - 2 scrolls of vulnerability
 d - 5 scrolls of teleportation
 h - 4 scrolls of identify {@r1}
 k - 8 scrolls of enchant armour
 u - 4 scrolls of amnesia
 x - 2 scrolls of immolation
 A - 2 scrolls of fog
 C - 2 scrolls of magic mapping
 D - a scroll of enchant weapon


   Skills:
 - Level 9.0 Fighting
 - Level 5.0 Axes
 - Level 1.5 Dodging
 - Level 1.5 Stealth
 + Level 7.1 Spellcasting
 - Level 3.0 Conjurations
 - Level 2.0 Transmutations
 - Level 2.0 Fire Magic
 - Level 3.0 Air Magic
 - Level 11.0 Poison Magic
 + Level 13.7 Invocations


You had 13 spell levels left.
You knew the following spells:

 Your Spells              Type           Power      Damage    Failure   Level
a - Sting                 Tmut/Pois      100%       1d8       1%          1
b - Poisonous Vapours     Pois/Air       66%        N/A       1%          2
c - Mephitic Cloud        Conj/Pois/Air  28%        N/A       3%          3
d - Olgreb's Toxic Radia  Pois           48%        N/A       1%          4
e - Ignite Poison         Fire/Tmut/Pois 25%        N/A       4%          3

Your spell library contained the following spells:

 Spells                   Type           Power      Damage    Failure   Level
 Sandblast                Erth           12%        2d6       13%         1
 Summon Small Mammal      Summ           24%        N/A       13%         1
 Passwall                 Tmut/Erth      8%         N/A       13%         2
 Call Imp                 Summ           6%         N/A       21%         2
 Ensorcelled Hibernation  Hex/Ice        12%        N/A       21%         2
 Stone Arrow              Conj/Erth      24%        3d8       22%         3
 Call Canine Familiar     Summ           6%         N/A       36%         3
 Summon Guardian Golem    Hex/Summ       6%         N/A       36%         3
 Hailstorm                Conj/Ice       12%        3d5       56%         4
 Summon Lightning Spire   Summ/Air       12%        N/A       56%         4
 Petrify                  Tmut/Erth      10%        N/A       65%         4
 Summon Ice Beast         Ice/Summ       6%         N/A       78%         4
 Lee's Rapid Deconstruct  Erth           3%         3d6*      98%         5
 Iron Shot                Conj/Erth      6%         9d2       100%        6
 Spider Form              Tmut/Pois      Unusable   N/A       N/A         3
 Beastly Appendage        Tmut           Unusable   N/A       N/A         1
 Wereblood                Tmut           Unusable   N/A       N/A         2
 Ice Form                 Ice/Tmut       Unusable   N/A       N/A         4
 Hydra Form               Tmut           Unusable   N/A       N/A         5
 Statue Form              Tmut/Erth      Unusable   N/A       N/A         6

Dungeon Overview and Level Annotations

Branches:
Dungeon (14/15)            Temple (1/1) D:5            Lair (6/6) D:10
  Swamp (0/4) Lair:4       Spider (0/4) Lair:4        Slime (0/5) Lair:5
    Orc (0/2) D:9          Vaults (0/5) D:13

Altars:
Ashenzari
Dithmenos
Elyvilon
Fedhas
Gozag
Hepliaklqana
Kikubaaqudgha
Makhleb
Nemelex Xobeh
Okawaru
Qazlal
Sif Muna
Trog
Uskayaw
Vehumet
Wu Jian
Xom
Yredelemnul
Zin
The Shining One
Jiyva

Shops:
D:6 *

Portals:
Trove: D:11 (give +5 fire dragon scales)

Annotations:
D:1 exclusion: downstairs
D:2 Sigmund
D:9 exclusion: orange crystal statue
D:10 1 runed translucent door, Urug; mhtbhm's ghost, journeyman GrEE
D:14 exclusions: fire elemental and upstairs, Azrael; Rupert
Lair:1 3 runed translucent doors, Quschuilu's ghost, journeyman MiWz
Lair:4 exclusion: oklob plant
Lair:5 exclusion: 2 downstairs


Innate Abilities, Weirdness & Mutations

You are immune to poison.
Your flesh is cold resistant. (rC+)
You are immune to negative energy. (rN+++)
You are immune to unholy pain and torment.
You can survive without breathing.
You are vulnerable to heat. (rF-)
You are in touch with the powers of death.
You do not drink.


Message History

The polar bear is severely wounded.
Your flying skull hits the wind drake!
The polar bear bites you!
* * * LOW HITPOINT WARNING * * *
The polar bear barely misses you. The polar bear closely misses you.
The wind drake bites your flying skull!
Your flying skull closely misses the wind drake.
The polar bear bites you!
* * * LOW HITPOINT WARNING * * *
The polar bear misses you.
The polar bear claws you but does no damage.
Your dream sheep zombie bites the wind drake.
The wind drake flaps its wings at your flying skull.
The air twists around and strikes your flying skull.
Unknown command.
Okay, then.
Unknown command.
You can't drink.
Unknown command.
Aiming: Corrosive Bolt
Press: ? - help, Shift-Dir - straight line, f - polar bear
Aim: a polar bear (severely wounded, berserk, 79% to hit)
Okay, then.
Unknown command.
Aiming: Corrosive Bolt
Press: ? - help, Shift-Dir - straight line, f - polar bear
Aim: a polar bear (severely wounded, berserk, 79% to hit)
The bolt of acid hits the polar bear!
The polar bear is splashed with acid.
The acid corrodes the polar bear!
The polar bear is almost dead.
Your flying skull hits the wind drake but does no damage.
The polar bear bites you!
* * * LOW HITPOINT WARNING * * *
The polar bear barely misses you.
The polar bear claws you but does no damage.
The wind drake exhales a fierce blast of wind!
You are blown backwards!
Your flying skull is blown away by the wind.
Something misses the wind drake.
The wind drake bites you.
You die...
Yredelemnul claims you as an undead slave.

.## ..####. ###.. #..P##..#
.P.P# .......... . ### .P..
..........## ##
.#....#.......##...........###.
.^...#.#... #.#................
....#....###k#..............#.
............@.............(..
##......h....................
###............#.#.............
..#...........#.####
.......÷.... ......(..†....###
#.....k..... .........k..z.#
.....[.....P .......†Z†.#.##
#.........## ........#.†..##.#
##.......## ........#.†<....#
##.....##


You could see 2 wind drakes, a polar bear (berserk, corroded) and a friendly
flying skull.

Vanquished Creatures
  Nessos (Lair:6)
  2 boulder beetles
  A centaur warrior (D:14)
  2 two-headed ogres
  A death yak (Lair:2)
  An orb spider (Lair:4)
  A cyclops (D:12)
  7 elephants
  A manticore (Lair:6)
  Maurice (D:9)
  2 black mambas
  A torpor snail (Lair:2)
  9 cane toads
  A gargoyle (D:10)
  2 rime drakes
  7 komodo dragons
  A rime drake (shapeshifter) (D:13)
  A troll (D:11)
  A troll (shapeshifter) (D:14)
  A wind drake (Lair:6)
  2 hornets
  3 blink frogs (Lair:4)
  5 polar bears
  6 dream sheep (Lair:6)
  A wraith (D:14)
  A shadow (D:10)
  A basilisk (Lair:5)
  8 wyverns
  54 yaks
  2 fire elementals (D:14)
  Eustachio (D:4)
  A steam dragon (D:10)
  A basilisk (shapeshifter) (D:13)
  A golden eye (shapeshifter) (D:14)
  Menkaure (D:5)
  3 vampire mosquitoes (D:13)
  11 water moccasins
  A black bear (D:5)
  8 orc warriors
  3 ogres
  12 centaurs
  15 wolves
  A phantom (D:5)
  10 bullfrogs
  2 wyvern zombies
  8 killer bees
  12 wights
  A vampire bat (D:3)
  2 howler monkeys
  An electric eel (D:8)
  A bullfrog zombie (D:6)
  3 hounds
  4 centaur zombies
  5 orc priests
  3 jellies
  A gnoll shaman (D:6)
  3 centaur skeletons
  A bullfrog skeleton (D:7)
  Jessica (D:2)
  Ijyb (D:3)
  Terence (D:3)
  2 iguanas
  8 orc wizards
  A killer bee zombie (D:6)
  A hound skeleton (D:3)
  A howler monkey zombie (D:11)
  5 adders
  7 gnolls
  A white imp (D:7)
  An adder skeleton (D:2)
  3 worms
  4 dart slugs
  3 fire bats (D:3)
  45 orcs
  2 spectral bats (D:3)
  8 ball pythons
  3 bat skeletons (D:3)
  A bat zombie (D:3)
  4 endoplasms
  3 giant cockroaches
  7 goblins
  13 hobgoblins
  8 jackals
  6 kobolds
  8 quokkas
  13 bats
  A bat simulacrum (D:3)
  5 frilled lizards
  2 rats
412 creatures vanquished.

Vanquished Creatures (collateral kills)
  2 hydras
  A death yak (Lair:2)
  2 elephants (Lair:5)
  A gargoyle (D:11)
  2 komodo dragons
  A rime drake (Lair:6)
  2 cane toads
  A hornet (Lair:6)
  2 polar bears
  A blink frog (Lair:4)
  9 yaks
  An acid dragon (D:11)
  2 water moccasins
  An ogre (Lair:5)
  3 wolves (Lair:2)
  An electric eel (Lair:5)
  A gnoll shaman (D:7)
  2 orcs (D:9)
35 creatures vanquished.

Vanquished Creatures (others)
  3 flying skulls (Lair:6)
  2 wraiths
  3 wights
  A blink frog zombie (Lair:4)
  A wind drake zombie (Lair:6)
  2 cane toad zombies
  2 wyvern zombies
  4 dream sheep zombies (Lair:6)
  2 polar bear zombies (Lair:4)
  A water moccasin skeleton (Lair:6)
  A rime drake zombie (Lair:4)
  2 bullfrog zombies
  A kobold zombie (Lair:5)
  11 orc zombies
  4 wolf zombies (Lair:2)
  13 yak zombies
  29 fungi
  68 plants
150 creatures vanquished.

Grand Total: 597 creatures vanquished

Notes
Turn   | Place    | Note
-------+----------+-------------------------------------------
     0 | D:1      | Dazliare the Mummy Venom Mage began the quest for the Orb.
     0 | D:1      | Reached XP level 1. HP: 13/13 MP: 4/4
   228 | D:1      | Reached XP level 2. HP: 19/19 MP: 2/5
   234 | D:1      | Learned a level 2 spell: Poisonous Vapours
  1097 | D:1      | Reached XP level 3. HP: 16/24 MP: 2/7
  1150 | D:1      | Learned a level 3 spell: Mephitic Cloud
  2419 | D:2      | Reached XP level 4. HP: 28/30 MP: 8/8
  2459 | D:2      | Noticed Jessica
  2701 | D:2      | Found a shadowy altar of Dithmenos.
  2711 | D:2      | Killed Jessica
  2904 | D:2      | Noticed Sigmund
  3558 | D:3      | Noticed Terence
  3567 | D:3      | Killed Terence
  3568 | D:3      | Reached XP level 5. HP: 35/35 MP: 1/9
  4056 | D:3      | Reached skill level 5 in Poison Magic
  4213 | D:3      | Reached XP level 6. HP: 8/41 MP: 0/10
  4644 | D:3      | Noticed Ijyb
  4682 | D:3      | Killed Ijyb
  5170 | D:4      | Learned a level 4 spell: Olgreb's Toxic Radiance
  5285 | D:4      | Noticed Eustachio
  5311 | D:4      | Killed Eustachio
  5312 | D:4      | Reached XP level 7. HP: 44/46 MP: 1/11
  6349 | D:5      | Entered Level 5 of the Dungeon
  7233 | D:5      | Reached XP level 8. HP: 10/52 MP: 12/12
  7641 | D:5      | Found a staircase to the Ecumenical Temple.
  7838 | D:5      | Noticed Menkaure
  7849 | D:5      | Killed Menkaure
  8334 | D:5      | Found a burning altar of Makhleb.
  9187 | Temple   | Entered the Ecumenical Temple
  9230 | Temple   | Became a worshipper of Yredelemnul the Dark
  9562 | D:6      | Reached skill level 1 in Invocations
  9657 | D:6      | Reached skill level 2 in Invocations
  9847 | D:6      | Found Viam's General Store.
  9856 | D:6      | Bought a +0 pair of boots for 58 gold pieces
  9856 | D:6      | Bought a scroll of identify for 26 gold pieces
  9856 | D:6      | Bought a scroll of enchant armour for 97 gold pieces
  9857 | D:6      | Identified 2 scrolls of acquirement
  9883 | D:6      | Acquired an amulet of faith
  9993 | D:6      | Acquired the +7 broad axe of the Thieving Firefly {vorpal,
                  | rPois}
 10056 | D:6      | Reached skill level 1 in Axes
 10470 | D:6      | Reached XP level 9. HP: 57/57 MP: 10/13
 10688 | D:6      | Reached * piety under Yredelemnul
 11287 | D:6      | Learned a level 3 spell: Ignite Poison
 11526 | D:7      | Identified the Almanac of Earth and the Snowflakes
 11618 | D:7      | Reached skill level 3 in Invocations
 11884 | D:7      | Reached skill level 5 in Axes
 11884 | D:7      | Reached skill level 4 in Invocations
 12394 | D:7      | Reached ** piety under Yredelemnul
 12696 | D:8      | Reached skill level 5 in Invocations
 12984 | D:8      | Reached skill level 6 in Invocations
 13499 | D:8      | Noticed a brown ugly thing
 13528 | D:9      | Noticed Maurice
 13540 | D:9      | Killed Maurice
 13541 | D:9      | Reached skill level 7 in Invocations
 13541 | D:9      | Reached XP level 10. HP: 63/63 MP: 1/15
 13902 | D:9      | Reached skill level 1 in Fighting
 14231 | D:9      | Noticed an orange crystal statue
 14417 | D:9      | Found a staircase to the Orcish Mines.
 14476 | D:9      | Reached *** piety under Yredelemnul
 14768 | D:9      | Noticed a two-headed ogre
 14773 | D:9      | Killed a two-headed ogre
 14774 | D:9      | Reached skill level 8 in Invocations
 15155 | D:10     | Entered Level 10 of the Dungeon
 15291 | D:10     | Noticed Urug
 15500 | D:10     | Found a staircase to the Lair.
 15657 | D:10     | Noticed a gargoyle
 15684 | D:10     | Killed a gargoyle
 15685 | D:10     | Reached skill level 1 in Transmutations
 15813 | D:10     | Reached skill level 5 in Fighting
 15813 | D:10     | Reached skill level 1 in Fire Magic
 15813 | D:10     | Reached skill level 9 in Invocations
 15820 | D:10     | Reached XP level 11. HP: 81/81 MP: 0/17
 15835 | D:10     | Reached **** piety under Yredelemnul
 16063 | D:10     | Found a runed translucent door.
 16063 | D:10     | Noticed mhtbhm's ghost (journeyman GrEE)
 16676 | D:11     | Reached skill level 1 in Conjurations
 16676 | D:11     | Reached skill level 1 in Air Magic
 17190 | D:11     | You fall into a shaft and drop 3 floors!
 17320 | D:13     | Found a gate to the Vaults.
 17320 | D:13     | Noticed a boulder beetle
 17349 | D:14     | Noticed Rupert
 17665 | D:14     | Noticed Azrael
 18011 | D:14     | Noticed a centaur warrior
 18020 | D:14     | Killed a centaur warrior
 18021 | D:14     | Reached skill level 10 in Invocations
 18347 | D:13     | Noticed a harpy
 18347 | D:13     | an elephant changed into a harpy
 18351 | D:13     | a harpy changed into a rime drake
 18751 | D:12     | Noticed a two-headed ogre
 18767 | D:12     | Killed a two-headed ogre
 18767 | D:12     | Received a gift from Yredelemnul (a wight)
 19541 | D:11     | Noticed a boulder beetle
 19554 | D:11     | Killed a boulder beetle
 19555 | D:11     | Reached XP level 12. HP: 94/94 MP: 6/20
 19760 | D:11     | Found a portal to a secret trove of treasure.
 19994 | Lair:1   | Entered Level 1 of the Lair of Beasts
 20386 | Lair:1   | Found a runed translucent gate.
 20386 | Lair:1   | Found a runed translucent gate.
 20386 | Lair:1   | Found a runed translucent gate.
 20399 | Lair:1   | Reached skill level 11 in Invocations
 20478 | Lair:1   | Noticed a 12-headed hydra
 20481 | Lair:1   | Noticed Quschuilu's ghost (journeyman MiWz)
 20638 | Lair:1   | Reached ***** piety under Yredelemnul
 21483 | Lair:2   | Received a gift from Yredelemnul (a wight)
 21604 | Lair:2   | Reached skill level 12 in Invocations
 22024 | Lair:2   | Noticed a death yak
 22024 | Lair:2   | Noticed a death yak
 22033 | Lair:2   | Killed a death yak
 22036 | Lair:2   | Killed a death yak
 22863 | Lair:3   | Noticed a boulder beetle
 22902 | Lair:3   | Received a gift from Yredelemnul (a wraith)
 23988 | Lair:3   | Killed a boulder beetle
 24221 | Lair:4   | Gained mutation: You are in touch with the powers of death.
                  | [Mummy growth]
 24221 | Lair:4   | Reached XP level 13. HP: 98/101 MP: 11/22
 24222 | Lair:4   | Reached skill level 10 in Poison Magic
 24222 | Lair:4   | Reached skill level 13 in Invocations
 24317 | Lair:4   | Found a staircase to the Swamp.
 25288 | Lair:4   | Received a gift from Yredelemnul (a wight)
 25582 | Lair:4   | Found a hole to the Spider Nest.
 26117 | Lair:5   | Found a staircase to the Slime Pits.
 26118 | Lair:5   | Found a viscous altar of Jiyva.
 26268 | Lair:5   | Received a gift from Yredelemnul (a wraith)
 26502 | Lair:5   | Noticed Sonja
 26504 | Lair:5   | Noticed Sonja
 26504 | Lair:5   | Sonja changed into Sonja the ogre
 26513 | Lair:5   | Killed Sonja the ogre
 26888 | Lair:6   | Entered Level 6 of the Lair of Beasts
 27115 | Lair:6   | Noticed Nessos
 27125 | Lair:6   | Killed Nessos
 27126 | Lair:6   | Reached skill level 5 in Spellcasting
 27760 | Lair:6   | Noticed a dire elephant
 27914 | Lair:6   | Received a gift from Yredelemnul (4 flying skulls)
 27928 | Lair:6   | HP: 4/101 [polar bear (7)]
 27928 | Lair:6   | Slain by a wind drake

Illustrated notes

Levels and vault maps discovered:
D:1:      evilmike_arrival_fibonacci_small, layout_loops_ring,
          minmay_pentomino_o2
D:2:      layout_rooms, basic_altar, chequers_ecumenical_altar_simple,
          hangedman_decor_growths, uniq_jessica, uniq_sigmund
D:3:      layout_loops_corners, minivault_27, goddamned_bats, uniq_terence,
          uniq_ijyb
D:4:      layout_basic, uniq_eustachio
D:5:      layout_layer_cave, lightli_temple_of_fire, minmay_temple_entry_glass,
          uniq_menkaure
D:6:      layout_loops_corners, serial_shops, shop
D:7:      minmay_general_purpose_star, layout_rooms
D:8:      layout_loops_corners, fungi_pond_lemuel, minmay_misc_feat_tiny,
          minmay_diamond_spiral
D:9:      layout_basic, hiddenorc2_lemuel, minivault_16, nicolae_wwwww,
          uniq_maurice
D:10:     layout_roguey, lair_entry_dummy, gammafunk_ghost_grave, uniq_urug
D:11:     layout_gridville, trove_entry_hex_spiral
D:12:     layout_layer_cave, uniq_psyche
D:13:     layout_loops_ring, david_vaults_2, gauntlet_entry_generic
D:14:     layout_gridville, uniq_azrael, uniq_rupert, uniq_agnes,
          uniq_josephine, uniq_roxanne
Temple:   grunt_wide_crystal_templ
Lair:1:   beast_lair_carwin_large_2, layout_chaotic_city,
          gammafunk_ghost_hydra_chop, minivault_27
Lair:2:   layout_small_grid, serial_bayou_shore_b
Lair:3:   layout_gridlike
Lair:4:   layout_loops_ring, swamp_mist, nicolae_spider_entry_orb_guardian,
          cheibrodos_lair_lostbears
Lair:5:   layout_hall_layers, slime_altar_1, lemuel_fruit_fields,
          infiniplex_staircase_pool, uniq_sonja
Lair:6:   gammafunk_lair_ancient_temple, layout_layer_cave, uniq_nessos

Skill      XL: |  1  2  3  4  5  6  7  8  9 10 11 12 13 |
---------------+----------------------------------------+-----
Poison Magic   | 3 4 5 6 8 9 11 | 11.0
Invocations    | 2 7 9 10 12 13 | 13.7
Axes           | 3 5 |  5.0
Fighting       | 5 8 9 |  9.0
Transmutations | 1 2 |  2.0
Fire Magic     | 1 2 |  2.0
Conjurations   | 2 3 |  3.0
Air Magic      | 2 3 |  3.0
Spellcasting   | 7 |  7.1
Dodging        | |  1.5
Stealth        | |  1.5

Action                   |  1- 3 |  4- 6 |  7- 9 | 10-12 | 13-15 || total
-------------------------+-------+-------+-------+-------+-------++-------
Melee: Unarmed           |     1 |       |       |       |       ||     1
       Dagger            |    59 |   139 |   203 |       |       ||   401
       Broad axe         |       |       |    62 |   291 |   106 ||   459
 Cast: Sting             |    20 |     2 |    19 |       |       ||    41
       Poisonous Vapours |    33 |    37 |    58 |    61 |    25 ||   214
       Olgreb's Toxic Ra |       |       |    15 |    45 |    21 ||    81
       Mephitic Cloud    |       |       |    10 |     7 |       ||    17
       Ignite Poison     |       |       |     6 |    32 |    15 ||    53
Invok: Animate Remains   |       |       |     1 |       |       ||     1
       Animate Dead      |       |       |       |    22 |    19 ||    41
       Recall Undead Sla |       |       |       |     2 |       ||     2
       Enslave Soul      |       |       |       |       |     1 ||     1
Evoke: Wand              |       |       |     5 |     6 |     4 ||    15
  Use: Scroll            |       |     1 |    10 |     7 |       ||    18
 Stab: Sleeping          |     1 |     5 |     8 |     5 |     2 ||    21
       Distracted        |       |       |     1 |     1 |       ||     2
       Confused          |       |       |     1 |       |       ||     1
Armor: Robe              |    14 |    53 |       |       |       ||    67
       Leather armour    |       |     3 |    79 |   162 |    91 ||   335
Dodge: Dodged            |    59 |   145 |   215 |   344 |   158 ||   921
Block: Other             |       |       |    51 |       |       ||    51

Table legend: (Time is in decaauts)
 A = Elapsed time spent in this place.
 B = Non-inter-level travel time spent in this place.
 C = Inter-level travel time spent in this place.
 D = Time resting spent in this place.
 E = Time spent auto-exploring this place.
 F = Levels seen in this place.
 G = Mean time per level.
                   A        B        C        D        E       F      G
               +--------+--------+--------+--------+--------+-----+--------+
         Total |  28107 |  27253 |    854 |  10371 |  12328 |  21 | 1338.4 |
       Dungeon |  20024 |  19347 |    677 |   7625 |   8112 |  14 | 1430.3 |
        Temple |     52 |     44 |      8 |      0 |      0 |   1 |   52.0 |
          Lair |   8030 |   7862 |    168 |   2746 |   4216 |   6 | 1338.3 |
               +--------+--------+--------+--------+--------+-----+--------+

Top non-repeatable levels by time:
     D:5: 2511 daAuts
     D:1: 2283 daAuts
     D:6: 2231 daAuts
     D:3: 1984 daAuts
  Lair:4: 1924 daAuts
  Lair:5: 1768 daAuts
    D:11: 1683 daAuts
     D:9: 1644 daAuts
     D:4: 1607 daAuts
  Lair:1: 1453 daAuts
  Lair:2: 1420 daAuts
    D:10: 1343 daAuts
     D:7: 1313 daAuts
  Lair:3: 1261 daAuts
    D:14: 1098 daAuts
